 Dungeon Crawl Stone Soup version 0.28.0-53-g5a82cb258f (webtiles) character file.

Game seed: 8388782482031145690

14397 selky the Severer (level 11, -1/99 HPs)
             Began as a Minotaur Berserker on July 8, 2022.
             Was a High Priest of Trog.
             Slain by an orc knight
             ... wielding a +0 great sword
              (11 damage)
             ... on level 2 of the Orcish Mines.
             The game lasted 00:15:27 (10542 turns).

selky the Severer (Minotaur Berserker)             Turns: 10542, Time: 00:15:28

Health: -1/99      AC: 14    Str: 26    XL:     11   Next: 88%
Magic:  10/10      EV:  8    Int:  4    God:    Trog [*****.]
Gold:   986        SH:  0    Dex: 10    Spells: 10/10 levels left

rFire   . . .      SeeInvis .   c - +0 battleaxe
rCold   + + .      Faith    .   (shield currently unavailable)
rNeg    . . .      Spirit   .   o - +0 plate armour
rPois   .          Reflect  .   (helmet restricted)
rElec   .          Harm     .   (no cloak)
rCorr   .          Rampage  .   h - +0 pair of gloves
Will    .....                   (no boots)
Stlth   ..........              g - amulet of regeneration
HPRegen 1.06/turn               A - ring of protection from cold
MPRegen 0.12/turn               H - ring of protection from cold

@: lethally poisoned (-1 -> -2), on berserk cooldown, slowed, very slow
A: horns 2, retaliatory headbutt
a: Renounce Religion, Berserk, Trog's Hand, Brothers in Arms


You were on level 2 of the Orcish Mines.
You worshipped Trog.
Trog was extremely pleased with you.
You visited 3 branches of the dungeon, and saw 12 of its levels.

You collected 1061 gold pieces.
You spent 75 gold pieces at shops.

Inventory:

Hand Weapons
 a - a +0 hand axe of protection
 c - a +0 battleaxe (weapon)
 s - a +3 hand axe of venom
 L - the +7 trident "Abbyves" {flame, rN++ Will+++ Str-5}
   (You took it off a spriggan on level 8 of the Dungeon)

   It burns those it strikes, dealing additional fire damage.
   Str:       It affects your strength (-5).
   rN:        It greatly protects you from negative energy.
   Will:      It greatly increases your willpower.
Missiles
 y - 7 throwing nets (quivered)
Armour
 b - a +0 animal skin
 h - a +0 pair of gloves (worn)
 m - a +0 ring mail
 o - a +0 plate armour (worn)
 B - +1 steam dragon scales
 D - a +0 scale mail
Jewellery
 g - an amulet of regeneration (around neck)
 A - a ring of protection from cold (left hand)
 C - an amulet of guardian spirit
 H - a ring of protection from cold (right hand)
Wands
 e - a wand of polymorph (3)
 i - a wand of acid (6)
 w - a wand of flame (26)
 G - a wand of digging (5)
 N - a wand of iceblast (5)
Scrolls
 f - a scroll of fog
 l - 2 scrolls of immolation
 p - 5 scrolls of amnesia
 r - 2 scrolls of enchant armour
 v - a scroll of holy word
 J - a scroll of identify
Potions
 j - 2 potions of curing {unknown}
 k - 2 potions of magic {unknown}
 n - a potion of lignification
 q - a potion of ambrosia {unknown}
 t - a potion of might {unknown}
 u - a potion of heal wounds
 x - a potion of attraction {unknown}
 z - a potion of degeneration {unknown}
 F - a potion of flight {unknown}
 I - a potion of brilliance {unknown}
 K - a potion of mutation {unknown}


   Skills:
 - Level 9.9 Fighting
 + Level 19.7 Axes
 - Level 7.0 Armour
 - Level 2.1 Dodging


You had 10 spell levels left.
You didn't know any spells.
Your spell library was empty.

Dungeon Overview and Level Annotations

Branches:
Dungeon (9/15)             Temple (1/1) D:6             Orc (2/2) D:9
    Elf (0/3) Orc:2
   Lair: D:8-11

Altars:
Ashenzari
Cheibriados
Dithmenos
Elyvilon
Fedhas
Hepliaklqana
Kikubaaqudgha
Nemelex Xobeh
Okawaru
Qazlal
Ru
Sif Muna
Trog
Uskayaw
Vehumet
Wu Jian
Xom
Yredelemnul
Zin
The Shining One

Shops:
D:3 **   D:8 *   Orc:2 (*


Innate Abilities, Weirdness & Mutations

You have a pair of horns on your head.
You reflexively headbutt those who attack you in melee.


Message History

Trog accepts your kill.
You closely miss the orc high priest.
The orc warrior hits you from afar with a +2 halberd of venom!!
You are poisoned.
You closely miss the orc high priest.
You feel very sick.
You closely miss the orc high priest.
You feel very sick.
The orc high priest calls down the wrath of Beogh upon you.
Beogh smites you!
The orc warrior hits you from afar with a +2 halberd of venom!
An orc knight comes into view. It is wielding a +2 battleaxe.
You hear a shout!
You are too injured to fight recklessly!
You are too injured to fight recklessly!
Unknown command.
You feel very sick.
The orc high priest calls down the wrath of Beogh upon you.
Beogh smites you!
* * * LOW HITPOINT WARNING * * *
You feel a strong urge to attack something.
You feel very sick.
You are too berserk!
You are no longer berserk.
You are exhausted.
You feel yourself slow down.
You feel very sick.
As you read the scroll of fear, it crumbles to dust.
You assume a fearsome visage.
The orc high priest looks frightened!
You feel very sick.
As you read the scroll of fog, it crumbles to dust.
The scroll dissolves into smoke.
You feel very sick.
You feel very sick.
As you read the scroll of fear, it crumbles to dust.
You assume a fearsome visage.
The orc knight resists with some effort.
You feel sick.
The orc knight hits you with a +0 great sword!
You die...

##.###.#....#.#.####......
#...#............#.#......
#...#.#.#......#.........
#....##.##....##......#..
#........##...##.........
##.###########...........
######.###### #......#....
#.........§§###
#.....#.....
...####.####§@§##
#....##..... #.#
###o§###.....##.... #.#
##o§##.∩......... #.#
##§##........#.. #.#
#§##........... ...
#oo)o##...##..)... ...
##o.###.###...)... #..
#.##.#..)).. o..
#.#...#.....


You could see 2 orc knights.

Vanquished Creatures
  A two-headed ogre (Orc:1)
  An orc high priest (Orc:2)
  The ghost of osoart the Blocker, a novice GnFi of Wu Jian (D:8)
  A necromancer (D:9)
  4 orc sorcerers
  A cyclops (Orc:1)
  Psyche (D:8)
  5 trolls
  4 flying skulls
  2 shadows (D:9)
  A wyvern (D:8)
  2 spriggans (D:8)
  7 wraiths (D:9)
  2 steam dragons
  The ghost of 0gre the Chiller, an amateur GnIE (D:4)
  2 wargs (Orc:2)
  Menkaure (D:4)
  A water moccasin (D:6)
  An ice beast (D:7)
  13 orc warriors
  A wolf (D:8)
  4 ogres
  5 centaurs
  A phantom (D:6)
  6 kobold brigands (D:9)
  A wyvern zombie (D:8)
  8 gnoll sergeants
  5 scorpions
  A water moccasin skeleton (D:3)
  A wight (D:9)
  A howler monkey (D:7)
  9 centaur zombies
  2 gnoll shamans
  4 hounds
  9 orc priests
  8 centaur skeletons
  6 jellies
  A bullfrog skeleton (D:5)
  Terence (D:3)
  Jessica (D:3)
  An iguana (D:5)
  12 orc wizards
  2 killer bee zombies
  A hound zombie (D:4)
  A hound skeleton (D:4)
  5 howler monkey skeletons
  23 gnolls
  2 howler monkey zombies (D:9)
  2 adders
  A shadow imp (D:5)
  3 white imps
  2 worms
  2 dart slugs
  46 orcs
  6 endoplasms
  2 giant cockroaches (D:2)
  5 goblins
  10 hobgoblins
  3 jackals (D:4)
  5 quokkas
  12 ball pythons
  5 bats
  2 frilled lizards (D:2)
  8 kobolds
288 creatures vanquished.

Vanquished Creatures (others)
  An orc (Orc:1)
  A fungus (D:8)
  5 plants (D:8)
7 creatures vanquished.

Grand Total: 295 creatures vanquished

Notes
Turn   | Place    | Note
-------+----------+-------------------------------------------
     0 | D:1      | selky the Minotaur Berserker began the quest for the Orb.
     0 | D:1      | Reached XP level 1. HP: 19/19 MP: 0/0
   164 | D:1      | Reached skill level 4 in Axes
   432 | D:1      | Found a faded altar of an unknown god.
   451 | D:1      | Reached XP level 2. HP: 19/26 MP: 1/1
  1316 | D:2      | Reached skill level 5 in Axes
  1396 | D:2      | Found a stormy altar of Qazlal.
  1530 | D:2      | Reached XP level 3. HP: 31/31 MP: 2/2
  2053 | D:3      | Noticed Jessica
  2060 | D:3      | Killed Jessica
  2060 | D:3      | Reached ** piety under Trog
  2136 | D:3      | Found Xadyliuhap's Assorted Antiques.
  2137 | D:3      | Noticed Terence
  2146 | D:3      | Killed Terence
  2147 | D:3      | Reached skill level 6 in Axes
  2147 | D:3      | Reached XP level 4. HP: 34/39 MP: 3/3
  2316 | D:3      | Found Ciext's General Store.
  2454 | D:3      | Reached skill level 7 in Axes
  2454 | D:3      | Reached XP level 5. HP: 34/45 MP: 4/4
  2977 | D:4      | Reached skill level 8 in Axes
  3000 | D:4      | Found a runed translucent door.
  3001 | D:4      | Noticed 0gre's ghost (amateur GnIE)
  3013 | D:4      | Noticed a centaur
  3015 | D:4      | Killed 0gre's ghost
  3016 | D:4      | Reached XP level 6. HP: 47/51 MP: 5/5
  3021 | D:4      | Reached skill level 9 in Axes
  3125 | D:4      | Noticed Menkaure
  3131 | D:4      | Killed Menkaure
  3132 | D:4      | Reached XP level 7. HP: 57/57 MP: 6/6
  3167 | D:4      | Reached skill level 10 in Axes
  3199 | D:4      | Found a transporter.
  3209 | D:4      | Found a transporter.
  3221 | D:4      | Found an ornate altar of the Wu Jian Council.
  3628 | D:5      | Entered Level 5 of the Dungeon
  3780 | D:5      | Reached *** piety under Trog
  3841 | D:5      | Reached skill level 11 in Axes
  4071 | D:5      | Found a shimmering blue altar of Sif Muna.
  4247 | D:5      | Reached XP level 8. HP: 63/64 MP: 7/7
  4563 | D:5      | Reached skill level 12 in Axes
  5190 | D:6      | Reached skill level 13 in Axes
  5472 | D:6      | Reached **** piety under Trog
  5473 | D:6      | Reached skill level 14 in Axes
  5484 | D:6      | Reached XP level 9. HP: 71/71 MP: 8/8
  5634 | D:6      | Found a sacrificial altar of Ru.
  5734 | D:6      | Found a staircase to the Ecumenical Temple.
  5797 | Temple   | Entered the Ecumenical Temple
  6326 | D:7      | Reached skill level 5 in Fighting
  6412 | D:7      | Reached skill level 5 in Armour
  6458 | D:7      | Found a bloodstained altar of Trog.
  6733 | D:8      | Found Tudghim's General Store.
  6767 | D:8      | Noticed Psyche
  6791 | D:8      | Killed Psyche
  7269 | D:8      | Noticed osoart's ghost (novice GnFi)
  7270 | D:8      | Found a runed translucent door.
  7275 | D:8      | Identified the +7 trident "Abbyves" {flame, rN++ Will+++
                  | Str-5}
  8046 | D:8      | Killed osoart's ghost
  8047 | D:8      | Reached skill level 15 in Axes
  8047 | D:8      | Reached XP level 10. HP: 79/86 MP: 9/9
  8348 | D:9      | Noticed a necromancer
  8371 | D:9      | Reached skill level 16 in Axes
  8374 | D:9      | Killed a necromancer
  8895 | D:9      | Reached XP level 11. HP: 99/99 MP: 10/10
  9014 | D:9      | Reached skill level 17 in Axes
  9257 | D:9      | Found a staircase to the Orcish Mines.
  9284 | D:9      | Reached ***** piety under Trog
  9550 | Orc:1    | Entered Level 1 of the Orcish Mines
  9553 | Orc:1    | Noticed an orc sorcerer
  9568 | Orc:1    | Killed an orc sorcerer
  9577 | Orc:1    | Reached skill level 18 in Axes
  9619 | Orc:1    | Noticed a two-headed ogre
  9629 | Orc:1    | Killed a two-headed ogre
  9629 | Orc:1    | Identified the +10 great mace of Xonitaam {vorpal, rPois
                  | rF+++ rC- rCorr} (Trog gifted it to you on level 1 of the
                  | Orcish Mines)
  9629 | Orc:1    | Received a gift from Trog
 10050 | Orc:2    | Entered Level 2 of the Orcish Mines
 10060 | Orc:2    | Noticed an orc sorcerer
 10072 | Orc:2    | Killed an orc sorcerer
 10143 | Orc:2    | Found Fezausmidiu's General Store.
 10152 | Orc:2    | Found a staircase to the Elven Halls.
 10219 | Orc:2    | Reached skill level 19 in Axes
 10481 | Orc:2    | Bought a potion of heal wounds for 75 gold pieces
 10516 | Orc:2    | Noticed an orc sorcerer
 10516 | Orc:2    | Noticed an orc sorcerer
 10517 | Orc:2    | Found Lejuxt's Weapon Boutique.
 10521 | Orc:2    | Noticed an orc high priest
 10522 | Orc:2    | Killed an orc sorcerer
 10523 | Orc:2    | Noticed an orc high priest
 10525 | Orc:2    | Killed an orc sorcerer
 10527 | Orc:2    | Noticed an orc knight
 10533 | Orc:2    | Killed an orc high priest
 10535 | Orc:2    | Noticed an orc knight
 10542 | Orc:2    | Slain by an orc knight

Illustrated notes

Levels and vault maps discovered:
D:1:      psy_arrival_whirlpool, layout_basic,
          shapermc_ecumenical_altar_notcrosses
D:2:      layout_loops_ring, basic_altar, chequers_serial_rivers_micro_a
D:3:      layout_basic, serial_shops, shop_fountains, nicolae_square_shop,
          serial_corexii_hall, chequers_hall_statues_y, corexii_hall_statues_u,
          minmay_misc_feat_square, uniq_jessica, uniq_terence
D:4:      layout_cave_pools, gammafunk_temple_overflow_arena,
          ebering_ghost_inner_flame, uniq_menkaure
D:5:      layout_gridville, nicolae_sif_muna_condensation
D:6:      layout_cave_pools, mainiacjoe_overflow_tiny_flanked, temple_hall
D:7:      layout_loops_ring, lemuel_coloured_pillars_altar
D:8:      layout_layer_cave, ebering_ghost_funeral_grove, serial_shops, shop,
          eino_small_chamber_without_monster, uniq_psyche
D:9:      hangedman_screamer, layout_cave_pools,
          kennysheep_orc_monster_closet_entryway, serial_column_ruins,
          column_ruins_hut, column_ruins_open_tiny, column_ruins_grid_1,
          column_ruins_open_large, column_ruins_grid_3,
          column_ruins_corridor_straight
Temple:   regret_index_temple_sphere_string
Orc:1:    layout_caves, uniq_erolcha
Orc:2:    st_orc_elflike, layout_caves, serial_shops, shop

Skill      XL: |  1  2  3  4  5  6  7  8  9 10 11 |
---------------+----------------------------------+-----
Axes           | 4 5 6 7 8 9 11 14 15 16 19 | 19.7
Fighting       | 4 7 9 |  9.9
Armour         | 3 6 7 |  7.0
Dodging        | |  2.1

Action                   |  1- 3 |  4- 6 |  7- 9 | 10-12 || total
-------------------------+-------+-------+-------+-------++-------
Melee: Hand axe          |    79 |    68 |   279 |   158 ||   584
       Headbutt          |     4 |    17 |    56 |    79 ||   156
       Punch             |     1 |       |     4 |       ||     5
       Battleaxe         |       |       |       |   155 ||   155
Invok: Berserk           |     1 |     1 |     8 |     9 ||    19
       Trog's Hand       |       |     1 |     1 |       ||     2
  Use: Scroll            |       |       |     8 |    10 ||    18
       Potion            |       |       |     2 |     4 ||     6
 Stab: Sleeping          |     1 |       |       |       ||     1
       Distracted        |       |       |     1 |       ||     1
Armor: Animal skin       |     9 |       |       |       ||     9
       Ring mail         |       |    21 |    45 |       ||    66
       Steam dragon scal |       |       |    32 |    44 ||    76
       Skin              |       |       |       |     2 ||     2
       Plate armour      |       |       |       |    74 ||    74
Dodge: Dodged            |    48 |    26 |   109 |   124 ||   307
